 Dungeon Crawl Stone Soup version 0.28-a0-479-g5baa6b73be (webtiles) character file.

Game seed: 13040380040619883659

156 mistaj the Skirmisher (level 5, 0/43 HPs)
             Began as a Demonspawn Fighter on Sept 18, 2021.
             Succumbed to a goblin's poison
             ... on level 3 of the Dungeon.
             The game lasted 00:04:47 (3525 turns).

mistaj the Skirmisher (Demonspawn Fighter)          Turns: 3525, Time: 00:04:48

Health: 0/43       AC: 11    Str: 16    XL:     5   Next: 15%
Magic:  5/5        EV:  4    Int: 11    God:
Gold:   117        SH:  4    Dex: 12    Spells: 4/4 levels left

rFire   . . .      SeeInvis .   a - +0 war axe
rCold   . . .      Faith    .   c - +0 buckler
rNeg    . . .      Spirit   .   i - +0 plate armour
rPois   .          Reflect  .   (no helmet)
rElec   .          Harm     .   (no cloak)
rCorr   .          Rampage  .   (no gloves)
Will    .....                   (no boots)
Stlth   ..........              (no amulet)
HPRegen 0.14/turn               (no ring)
MPRegen 0.09/turn               (no ring)

@: lethally poisoned (0 -> -9)
A: powered by death 1, demonic magic 2
a: no special abilities


You were on level 3 of the Dungeon.
You visited 1 branch of the dungeon, and saw 4 of its levels.

You collected 117 gold pieces.

Inventory:

Hand Weapons
 a - a +0 war axe (weapon)
Armour
 c - a +0 buckler (worn)
 i - a +0 plate armour (worn)
Jewellery
 b - a ring of fire
Wands
 m - a wand of digging (6)
Scrolls
 e - 4 scrolls of teleportation {unknown}
 f - a scroll of fog {unknown}
 h - a scroll of enchant weapon {unknown}
 k - a scroll of acquirement {unknown}
 n - a scroll of identify {unknown}
Potions
 d - 2 potions of might
 g - 2 potions of haste {unknown}
 j - 2 potions of flight {unknown}
 l - a potion of degeneration {unknown}


   Skills:
 + Level 4.6 Fighting
 + Level 3.6 Axes
 - Level 2.6 Armour
 - Level 2.6 Shields


You had 4 spell levels left.
You didn't know any spells.
Your spell library was empty.

Dungeon Overview and Level Annotations

Branches:
Dungeon (4/15)
 Temple: D:4-7

Altars:

Annotations:
D:3 Grinder
D:4 Sigmund


Innate Abilities, Weirdness & Mutations

You regenerate a little health from kills.
Spells you cast may paralyse nearby enemies.


Message History

The orc wizard gestures wildly while chanting.
The orc wizard flickers and vanishes!
Deactivating autopickup; reactivate with Ctrl-A.
You feel very sick. You block the goblin's attack.
You feel sick.
You feel sick.
The orc wizard mumbles some strange words.
The orc wizard flickers and vanishes!
You feel sick.
You feel sick.
You feel sick.
You feel sick.
You feel sick.
You feel sick.
You are no longer poisoned.
A puff of flame appears from out of thin air!
The puff of flame hits you.
Something tries to affect you, but you resist.
Unknown command.
The goblin hits you but does no damage.
You are poisoned.
You feel sick.
You feel sick.
You feel sick.
You feel sick.
You feel sick.
There is a stone staircase leading up here.
You feel sick.
The goblin hits you with a +1 dagger of venom.
* * * LOW HITPOINT WARNING * * *
You are lethally poisoned!
You climb upwards.
Level annotation: Grinder Reactivating autopickup.
* * * LOW HITPOINT WARNING * * *
You feel very sick.
There is a stone staircase leading down here.
You closely miss the goblin.
You die...

########## ######
#........## .....#
#########.###.....)
####.#
#g@...........##.##
..##.#
#.#####...######.#
#.##.# #.#
#.....#####.#
))...# ####.#
##..........#
#.#### #....#
##.######### #.#
#.#### #.# #.# #.#
#.# #.# #.# ##+##
#.# #.# ##...##


You could see a goblin.

Vanquished Creatures
  3 adders (D:2)
  4 gnolls
  A howler monkey skeleton (D:4)
  3 worms (D:2)
  A dart slug (D:2)
  2 endoplasms
  A giant cockroach (D:1)
  11 goblins
  5 hobgoblins
  9 jackals
  9 kobolds
  A quokka (D:1)
  9 ball pythons
  2 bats
  A frilled lizard (D:1)
  7 rats
69 creatures vanquished.

Notes
Turn   | Place    | Note
-------+----------+-------------------------------------------
     0 | D:1      | mistaj the Demonspawn Fighter began the quest for the Orb.
     0 | D:1      | Reached XP level 1. HP: 18/18 MP: 1/1
   123 | D:1      | Gained mutation: You regenerate a little health from kills.
                  | [demonic ancestry]
   123 | D:1      | Reached XP level 2. HP: 14/24 MP: 2/2
   779 | D:2      | Reached XP level 3. HP: 23/30 MP: 3/3
   941 | D:2      | Reached skill level 4 in Fighting
   943 | D:2      | Gained mutation: Spells you cast may paralyse adjacent
                  | enemies. [demonic ancestry]
   943 | D:2      | Reached XP level 4. HP: 15/37 MP: 4/4
  1829 | D:3      | Found a faded altar of an unknown god.
  1985 | D:3      | Noticed Grinder
  2460 | D:3      | Gained mutation: Spells you cast may paralyse nearby
                  | enemies. [demonic ancestry]
  2460 | D:3      | Reached XP level 5. HP: 43/43 MP: 5/5
  3155 | D:3      | Paralysed by Grinder for 4 turns
  3439 | D:4      | Noticed Sigmund
  3525 | D:3      | Succumbed to a goblin's poison

Illustrated notes

Levels and vault maps discovered:
D:1:      dpeg_arrival_windows_large_door, layout_rooms
D:2:      layout_rooms
D:3:      layout_loops_corners, hellmonk_ecumenical_altar_blasted,
          minmay_crystal_room, uniq_grinder
D:4:      layout_basic, hangedman_decor_points, uniq_sigmund

Skill      XL: |  1  2  3 |
---------------+----------+-----
Axes           | 2 3 |  3.6
Fighting       | 4 |  4.6
Armour         | |  2.6
Shields        | |  2.6

Action                   |  1- 3 |  4- 6 || total
-------------------------+-------+-------++-------
Melee: War axe           |   133 |    85 ||   218
Armor: Scale mail        |    54 |       ||    54
       Plate armour      |    45 |    58 ||   103
Dodge: Dodged            |    58 |    19 ||    77
Block: Buckler           |    37 |    19 ||    56

Table legend: (Time is in decaauts)
 A = Elapsed time spent in this place.
 B = Non-inter-level travel time spent in this place.
 C = Inter-level travel time spent in this place.
 D = Time resting spent in this place.
 E = Time spent auto-exploring this place.
 F = Levels seen in this place.
 G = Mean time per level.
                   A        B        C        D        E       F      G
               +--------+--------+--------+--------+--------+-----+--------+
         Total |   3614 |   3483 |    131 |   1399 |   1357 |   4 |  903.5 |
       Dungeon |   3614 |   3483 |    131 |   1399 |   1357 |   4 |  903.5 |
               +--------+--------+--------+--------+--------+-----+--------+

Top non-repeatable levels by time:
     D:2: 1670 daAuts
     D:3: 1105 daAuts
     D:1: 778 daAuts
     D:4: 60 daAuts
